Map: Prion Terraces

Players

INnoVation - Winner!

  • Race: Terran Terran
  • League: Master

ShinO

  • Race: Zerg Zerg
  • League: Master

VOD

Have the link to the VOD?

Description

Time

  • Played on: Feb. 7, 2016, 4:13 a.m.
  • Length: 15:25
Show
View Real Time Build Order
Export as new Build Order

INnoVation Terran - Winner!

Build Orders: Reaper Expand, Bio Tank 

Get SALT Encoding   

  12  0:00  SCV  
  13  0:13  SCV  
  14  0:17  Supply Depot  
  14  0:25  SCV  
  15  0:39  SCV  
  15  0:40  Barracks  
  16  0:43  Refinery  
  16  0:51  SCV  
  17  1:03  SCV  
  18  1:15  SCV  
  19  1:27  Orbital Command  
  19  1:28  Reaper  
  20  1:39  Command Center  
  20  1:48  Supply Depot  
  20  1:53  SCV  
  21  2:00  Marine  
  22  2:05  SCV  
  22  2:07  Factory  
  23  2:12  Refinery  
  23  2:17  SCV  
  24  2:27  Barracks Reactor  
  24  2:29  SCV  
  25  2:41  SCV  
  26  2:51  Orbital Command  
  26  2:53  SCV  
  26  2:55  Starport  
  27  3:05  SCV  
  27  3:10  Hellion x2  
  27  3:12  Barracks Tech Lab  
  32  3:18  SCV x2  
  34  3:30  SCV x2  
  36  3:34  Supply Depot  
  36  3:35  Hellion  
  36  3:36  Hellion  
  36  3:39  Barracks Tech Lab, Banshee  
  36  3:40  Supply Depot  
  43  3:43  SCV  
  44  3:49  Supply Depot  
  44  3:50  SCV  
  45  4:02  SCV x2  
  47  4:04  Liberator  
  47  4:07  Bunker  
  47  4:10  Marine, Siege Tank  
  47  4:11  Marine  
  47  4:14  SCV  
  47  4:16  Supply Depot  
  53  4:17  SCV  
  57  4:27  SCV  
  57  4:29  Marine x2  
  60  4:34  SCV  
  60  4:36  Supply Depot  
  61  4:42  Siege Tank  
  61  4:44  Command Center  
  64  4:46  SCV x2  
  64  4:48  Marine  
  64  4:49  Marine  
  68  4:59  Refinery, SCV x2  
  70  5:00  Refinery  
  70  5:06  Marine  
  71  5:07  Marine  
  68  5:17  SCV x2  
  73  5:25  Siege Tank, Barracks x2  
  73  5:26  Liberator x2  
  73  5:38  Engineering Bay  
  73  5:39  Engineering Bay  
  73  5:42  SCV x2  
  78  5:54  Marine, SCV  
  78  5:55  Stimpack, SCV  
  77  5:58  Orbital Command  
  76  6:06  SCV, Missile Turret  
  76  6:07  Missile Turret  
  76  6:10  Cyclone  
  80  6:12  Liberator  
  80  6:16  Barracks Reactor  
  80  6:20  Barracks Reactor  
  78  6:26  Barracks  
  78  6:28  Barracks  
  78  6:32  Orbital Command  
  77  6:35  Marine  
  78  6:42  Siege Tank  
  81  6:49  Missile Turret  
  81  6:51  SCV x2  
  81  6:52  Marine  
  84  6:57  Marine x4  
  84  6:59  SCV  
  89  7:03  SCV x2  
  90  7:10  Marine  
  90  7:11  SCV  
  90  7:12  Bunker, Missile Turret  
  90  7:14  Medivac x2  
  93  7:17  Siege Tank  
  93  7:21  Terran Infantry Weapons Level 1  
  93  7:22  Marine x4  
  100  7:28  Marine  
  101  7:35  Terran Infantry Armor Level 1  
  101  7:36  Barracks Reactor x2  
  101  7:40  Missile Turret  
  101  7:43  Refinery  
  101  7:49  Barracks, Missile Turret  
  101  7:50  Barracks  
  101  7:52  Supply Depot x3, Barracks  
  101  7:55  SCV  
  101  8:13  Medivac, SCV x2, Siege Tank  
  101  8:14  Medivac, Marine x5  
  101  8:19  Supply Depot x2  
  115  8:21  Armory  
  115  8:31  SCV x3  
  118  8:36  Supply Depot x2  
  118  8:41  Barracks Reactor x2  
  118  8:42  Barracks Reactor  
  118  8:43  Marine x4, Barracks Tech Lab  
  118  8:44  Marine x3  
  118  8:46  Siege Tank  
  128  8:49  Marine x2, Combat Shields  
  130  9:01  Marine  
  131  9:03  Command Center  
  131  9:11  Marine x9  
  139  9:19  Marine  
  139  9:23  Siege Tank  
  143  9:26  Medivac x2  
  143  9:28  Marine  
  143  9:29  Marine x2, Supply Depot  
  143  9:30  Supply Depot  
  150  9:34  Terran Infantry Weapons Level 2  
  150  9:36  Terran Infantry Armor Level 2  
  150  9:47  Marine  
  150  9:52  Marine x9  
  158  9:55  Siege Tank  
  159  10:01  Marine  
  159  10:02  Marine x3  
  163  10:12  Supply Depot  
  137  10:26  Medivac x2  
  137  10:27  Siege Tank  
  111  10:28  Marine x2  
  113  10:35  Marine  
  113  10:36  Marine x11  
  125  10:46  Marine x2  
  125  10:49  Missile Turret  
  124  10:53  Marine  
  124  10:56  Medivac x2  
  129  11:00  Siege Tank  
  132  11:04  Planetary Fortress  
  132  11:05  Marine  
  132  11:06  Marine x5  
  138  11:13  Marine x7  
  138  11:14  Marine  
  144  11:23  Marine x2  
  146  11:32  Siege Tank  
  149  11:34  Marine  
  150  11:46  Medivac x2, Marine  
  152  11:47  Marine x9  
  156  11:54  Barracks x2  
  156  11:57  Marine  
  156  12:01  Terran Infantry Armor Level 3, Terran Infantry Weapons Level 3  
  157  12:04  Siege Tank  
  157  12:06  Marine  
  157  12:07  Marine x4, Marauder  
  166  12:11  Ghost Academy  
  162  12:15  Refinery  
  162  12:19  Marine x8  
  168  12:24  Marine x3  
  168  12:25  Marine x2  
  168  12:27  Marine  
  161  12:36  Siege Tank  
  164  12:37  Marine x8  
  164  12:41  Marine  
  173  12:45  Refinery, Barracks Tech Lab  
  173  12:53  Marine x5  
  173  12:54  Marine  
  173  12:55  Marine x8  
  185  12:59  Marine  
  186  13:08  Siege Tank  
  186  13:11  Marine x3  
  153  13:20  Marine x4  
  153  13:21  Marine x7  
  157  13:27  Liberator x2  
  157  13:32  Personal Cloaking  
  157  13:40  Siege Tank  
  159  13:45  Marine x12  
  178  13:59  Barracks Tech Lab  
  178  14:00  Concussive Shells  
  175  14:10  Liberator x2  
  175  14:12  Command Center  
  174  14:19  Siege Tank  
  183  14:36  Command Center  
  183  14:37  Marauder  
  183  14:38  Marauder  
  187  14:40  Supply Depot  
Show
View Real Time Build Order
Export as new Build Order

ShinO Zerg 

Build Orders: Hatch First, Muta Ling Bane 

Get SALT Encoding   

  12  0:01  Drone  
  13  0:09  Drone  
  14  0:20  Overlord  
  14  0:30  Drone x2, Extractor x2  
  16  0:38  Drone  
  17  0:55  Hatchery  
  16  0:58  Drone  
  16  0:59  Drone  
  18  1:05  Extractor  
  17  1:14  Spawning Pool  
  17  1:18  Drone  
  17  1:21  Drone  
  18  1:27  Drone  
  19  1:37  Overlord  
  19  2:00  Queen  
  21  2:01  Zergling x4  
  21  2:05  Metabolic Boost  
  21  2:07  Queen  
  25  2:11  Drone  
  25  2:13  Drone  
  27  2:17  Drone  
  27  2:22  Drone  
  29  2:28  Drone  
  30  2:32  Drone  
  30  2:50  Overlord, Queen  
  32  2:51  Drone x2  
  32  2:53  Lair  
  32  2:57  Drone  
  35  3:02  Drone  
  36  3:14  Overlord  
  36  3:15  Drone x2  
  36  3:17  Extractor  
  37  3:20  Drone  
  37  3:21  Drone x4  
  42  3:28  Zergling x4  
  42  3:33  Overlord  
  44  3:36  Zergling x2  
  44  3:39  Drone  
  46  3:47  Drone  
  47  3:49  Drone x3  
  47  3:52  Drone x3, Extractor  
  47  3:55  Spire  
  51  3:59  Overlord  
  51  4:03  Drone x2  
  51  4:07  Extractor  
  53  4:10  Drone  
  53  4:12  Drone  
  54  4:23  Zergling x8  
  58  4:31  Drone  
  58  4:32  Drone  
  58  4:33  Zergling x4  
  58  4:34  Spine Crawler  
  58  4:35  Queen  
  63  4:52  Overlord x2  
  57  5:10  Spore Crawler  
  57  5:11  Mutalisk  
  57  5:12  Mutalisk x4  
  57  5:13  Hatchery  
  59  5:16  Mutalisk  
  59  5:20  Spore Crawler  
  60  5:24  Overseer  
  60  5:25  Mutalisk  
  60  5:40  Drone  
  61  5:43  Drone x3  
  64  5:51  Drone  
  64  5:55  Drone  
  66  6:07  Drone x2  
  66  6:08  Drone x2  
  71  6:18  Zergling x2  
  71  6:19  Zergling x12  
  77  6:28  Drone  
  78  6:33  Drone  
  77  6:41  Drone  
  77  6:42  Drone  
  77  6:43  Evolution Chamber  
  77  6:44  Drone x5, Baneling Nest  
  82  6:48  Overlord  
  82  6:51  Evolution Chamber  
  81  7:06  Queen  
  83  7:19  Zerg Melee Weapons Level 1, Zerg Ground Armor Level 1  
  83  7:22  Zergling x14  
  90  7:26  Overlord  
  90  7:27  Overlord x5  
  90  7:31  Centrifical Hooks  
  90  7:33  Baneling x5  
  90  7:34  Baneling x5  
  90  7:57  Drone x4  
  90  7:58  Drone x7  
  101  8:00  Extractor x2  
  101  8:04  Drone  
  100  8:11  Hatchery  
  99  8:19  Zergling x20  
  110  8:20  Zergling x2  
  110  8:29  Zergling x6  
  110  8:31  Baneling x8  
  110  8:34  Overlord  
  113  8:36  Zergling x2  
  113  8:37  Zergling x2  
  115  8:44  Drone  
  115  8:46  Overlord x2  
  116  8:58  Infestation Pit  
  116  9:00  Baneling x4  
  116  9:01  Baneling  
  116  9:02  Baneling x7, Corruptor x5  
  111  9:08  Corruptor  
  111  9:09  Corruptor  
  117  9:19  Corruptor x2  
  117  9:20  Corruptor  
  123  9:27  Corruptor x2  
  126  9:35  Drone  
  126  9:36  Drone x7  
  132  9:43  Drone x5  
  132  9:44  Drone  
  138  9:47  Baneling  
  138  9:48  Baneling  
  138  9:52  Corruptor  
  142  9:59  Zerg Ground Armor Level 2  
  142  10:05  Extractor  
  142  10:06  Extractor  
  138  10:07  Queen  
  138  10:08  Overlord  
  120  10:27  Zergling x2  
  120  10:28  Zergling x16  
  114  10:31  Hive  
  111  10:48  Zergling x2  
  111  10:49  Zergling x12  
  118  10:50  Baneling  
  118  10:51  Baneling x14, Hatchery  
  118  10:57  Zerg Flyer Weapons Level 1, Zergling x8  
  117  11:00  Zergling x4  
  117  11:01  Zergling x2  
  124  11:08  Spine Crawler, Zergling x10  
  124  11:09  Zergling x4  
  130  11:13  Spine Crawler  
  129  11:26  Zergling x2  
  129  11:27  Zergling x12  
  127  11:43  Corruptor x3  
  127  11:46  Zergling x2  
  127  11:47  Zergling x22  
  138  11:58  Zergling x6  
  138  11:59  Zergling x2  
  142  12:08  Evolution Chamber  
  141  12:11  Zergling x14  
  141  12:12  Zergling x2  
  143  12:26  Zergling x10  
  144  12:32  Baneling x7  
  144  12:36  Ultralisk Cavern  
  143  12:42  Zerg Melee Weapons Level 2  
  143  12:43  Zerg Ground Armor Level 3  
  139  12:48  Baneling x2  
  139  12:49  Baneling x20  
  129  12:51  Zergling x2  
  129  12:52  Zergling x24  
  129  12:53  Zergling x2  
  129  12:56  Spine Crawler  
  129  12:58  Zergling x4  
  144  13:02  Spine Crawler  
  142  13:12  Zergling x4  
  123  13:13  Zergling x16  
  102  13:24  Corruptor x4  
  102  13:25  Corruptor  
  106  13:38  Corruptor x2  
  78  14:01  Zergling x2  
  78  14:02  Zergling x30  
Tags
 
Add a new tag
Caveats
  • Supply blocks, unpowered buildings, or Contaminate may cause inaccurate times.
  • Supply counts are checked every 10 seconds.